 Dungeon Crawl Stone Soup version 0.17-a0-2217-ga280b8d (webtiles) character file.

3171 Ordine the Cleaver (level 9, -3/70 HPs)
             Began as a Hill Orc Abyssal Knight on Oct 28, 2015.
             Was an Elder of Lugonu.
             Killed from afar by a centaur (18 damage)
             ... with a wand of lightning
             ... on level 8 of the Dungeon.
             The game lasted 00:24:57 (9968 turns).

Ordine the Cleaver (Hill Orc Abyssal Knight)        Turns: 9968, Time: 00:24:57

Health: -3/70      AC: 12    Str: 18    XL:     9   Next: 94%
Magic:  0/18       EV:  7    Int: 12    God:    Lugonu [****..]
Gold:   355        SH:  0    Dex: 16    Spells: 0 memorised, 8 levels left

rFire  + . .     SeeInvis .     s - +1 flail "Pateq" {speed, +Inv rF+ Dex+3}
rCold  . . .     Clarity  +     h - +1 chain mail
rNeg   . . .     SustAt   .     (no shield)
rPois  .         Gourm    .     v - +2 hat {Spirit}
rElec  .         Spirit   +     j - +0 cloak
rCorr  .         Warding  .     (no gloves)
rMut   .         Stasis   .     (no boots)
MR     +....                    n - amulet of clarity
Stlth  ..........               y - +3 ring of dexterity
                                i - ring of protection from magic

@: somewhat resistant to hostile enchantments, extremely unstealthy
A: no striking features
a: Depart the Abyss, Bend Space, Banish, Corrupt, Renounce Religion, Evoke
Invisibility


You were on level 8 of the Dungeon.
You worshipped Lugonu.
Lugonu was greatly pleased with you.
You were not hungry.

You visited 2 branches of the dungeon, and saw 9 of its levels.
You visited the Abyss 1 time.

You collected 355 gold pieces.

Inventory:

Hand Weapons
 a - a +2 hand axe
 s - the +1 flail "Pateq" (weapon) {speed, +Inv rF+ Dex+3}
   (You found it on level 5 of the Dungeon)

   Attacks with this weapon are significantly faster.
   It affects your dexterity (+3).
   It protects you from fire.
   It lets you turn invisible.
Armour
 h - a +1 chain mail (worn)
 j - a +0 cloak (worn)
 v - a +2 hat of spirit shield (worn)
Jewellery
 i - a ring of protection from magic (left hand)
 k - an uncursed ring of protection from fire
 n - an amulet of clarity (around neck)
 t - an uncursed amulet of warding
 y - a +3 ring of dexterity (right hand)
Wands
 b - a wand of digging (19)
 r - a wand of fire (6)
 w - a wand of fireball (5)
Scrolls
 e - a scroll of enchant armour
 f - 2 scrolls of remove curse
 m - a scroll of blinking
 u - a scroll of enchant weapon
Potions
 l - a potion of poison {unknown}
 o - a potion of might
 p - a potion of lignification {unknown}
 z - a potion of cancellation {unknown}
Comestibles
 c - 12 bread rations
 d - 2 slices of pizza
 g - 2 royal jellies
 q - 2 meat rations
 x - 3 fruits
 A - 3 chunks of flesh


   Skills:
 - Level 3.6 Fighting
 + Level 12.4 Axes
 - Level 2.1 Armour
 - Level 0.7 Dodging
 + Level 12.4 Invocations


You had 8 spell levels left.
You didn't know any spells.

Dungeon Overview and Level Annotations

Branches:
Dungeon (8/15)             Temple (1/1) D:6
   Lair: D:8-11

Altars:
Ashenzari
Cheibriados
Dithmenos
Elyvilon
Fedhas
Gozag
Kikubaaqudgha
Makhleb
Nemelex Xobeh
Okawaru
Qazlal
Ru
Sif Muna
Trog
Vehumet
Yredelemnul
Zin
The Shining One

Annotations:
D:8 corrupted
Abyss:1 Grinder, Menkaure


Message History

a club; a kobold corpse The gnoll completely misses you.
Things that are here:
an arrow; 17 gold pieces Your chain mail prevents you from hitting the gnoll.
You sock the gnoll!
You kill the gnoll!
Lugonu accepts your kill.
No target in view!
No target in view!
You start resting.
A centaur is nearby!
The centaur shouts!
The centaur zaps a wand.
The bolt of lightning hits you!
It is a wand of lightning.
You see here a spear.
The centaur zaps a wand.
The bolt of lightning hits you!
* * * LOW HITPOINT WARNING * * *
The centaur zaps a wand.
The bolt of lightning hits you!
You die...

.#..Kh#......#......
#..$.##.....#..#...
#... #........#..##
#... #.....#....##
#.. #...#.##.#..#
######........#.#.#
# #....#...#....#
.##
#..#$$>.)(.......#
..
#..'$@)().......##
##
#'c######♣....).)#
#....c#PPP.P..##)#
#.... #♣PP♣...##.#
#.g. ♣PPPP.###.#
##### #♣P♣...# #.#
#...♣♣♣PPP...# #.#
#..PPPP♣.....# #.#
#..♣P♣P.....## #.#


You could see a centaur.

Vanquished Creatures
  A spriggan (D:7)
  Duvessa (D:7)
  A necrophage (D:8)
  2 ice beasts (D:6)
  2 ogres
  3 phantoms
  3 centaurs
  3 giant frogs
  Dowan (D:7)
  A scorpion (D:4)
  6 crimson imps
  6 hounds
  2 giant frog skeletons
  4 jellies
  5 orc wizards
  Ijyb (D:2)
  An orc priest (D:7)
  A centaur zombie (D:5)
  Natasha (D:4)
  2 worker ants
  A hound zombie (D:7)
  14 gnolls
  7 adders
  3 oozes
  3 worms
  27 orcs
  4 ball pythons
  10 hobgoblins
  12 jackals
  11 kobolds
  3 quokkas
  11 bats
  5 giant cockroaches
  3 giant geckos
  13 giant newts
  10 goblins
  24 rats
208 creatures vanquished.

Vanquished Creatures (others)
  Gastronok (D:8)
  A hungry ghost (D:8)
  3 ogres
  A gnoll sergeant (D:8)
  An ooze (D:6)
  20 plants (D:8)
27 creatures vanquished.

Grand Total: 235 creatures vanquished

Notes
Turn   | Place    | Note
--------------------------------------------------------------
     0 | Abyss:1  | Ordine the Hill Orc Abyssal Knight began the quest for the Orb.
     0 | Abyss:1  | Reached XP level 1. HP: 19/19 MP: 2/2
    12 | D:1      | Escaped the Abyss
   301 | D:1      | Reached XP level 2. HP: 26/26 MP: 4/4
   716 | D:1      | Reached ** piety under Lugonu
   754 | D:1      | Reached XP level 3. HP: 28/31 MP: 5/5
  1296 | D:2      | Reached skill level 4 in Axes
  1364 | D:2      | Found a stormy altar of Qazlal.
  1669 | D:2      | Noticed Ijyb
  1731 | D:2      | Killed Ijyb
  1731 | D:2      | Reached XP level 4. HP: 39/39 MP: 5/7
  2079 | D:2      | Reached *** piety under Lugonu
  2135 | D:2      | Found an opulent altar of Gozag.
  2219 | D:2      | Reached skill level 5 in Axes
  2462 | D:3      | Reached XP level 5. HP: 25/45 MP: 8/8
  2672 | D:3      | Found a sparkling altar of Nemelex Xobeh.
  2693 | D:3      | Reached skill level 5 in Invocations
  3139 | D:3      | Noticed Grinder
  3150 | D:3      | Banished Grinder
  3150 | D:3      | Reached skill level 6 in Axes
  3150 | D:3      | Reached XP level 6. HP: 10/51 MP: 8/10
  3415 | D:3      | Found a sacrificial altar of Ru.
  3416 | D:3      | Found a basalt altar of Yredelemnul.
  3609 | D:3      | Found a burning altar of Makhleb.
  3609 | D:3      | Noticed a blizzard demon
  3612 | D:3      | Noticed a ynoxinul
  3612 | D:3      | Noticed a ynoxinul
  3859 | D:4      | Reached skill level 7 in Axes
  3932 | D:4      | Reached XP level 7. HP: 27/57 MP: 12/12
  4343 | D:4      | Noticed Menkaure
  4350 | D:4      | Banished Menkaure
  5020 | D:4      | Noticed Natasha
  5028 | D:4      | Killed Natasha
  5028 | D:4      | Reached skill level 8 in Axes
  5051 | D:4      | Reached **** piety under Lugonu
  5464 | D:4      | Reached XP level 8. HP: 37/64 MP: 14/14
  5595 | D:5      | Entered Level 5 of the Dungeon
  5799 | D:5      | Found an ancient bone altar of Kikubaaqudgha.
  5941 | D:5      | Got a fine flail
  5942 | D:5      | Identified the cursed +1 flail "Pateq" {speed, +Inv rF+ Dex+3} (You found it on level 5 of the Dungeon)
  6324 | D:6      | Reached skill level 9 in Axes
  6507 | D:6      | Found a staircase to the Ecumenical Temple.
  6516 | Temple   | Entered the Ecumenical Temple
  6785 | D:6      | Reached ***** piety under Lugonu
  6785 | D:6      | Reached skill level 10 in Axes
  6785 | D:6      | Reached skill level 10 in Invocations
  7382 | D:6      | HP: 3/64 [ogre/giant club (9)]
  7389 | D:6      | HP: 3/64 [poisoned by an adder]
  7397 | D:6      | HP: 2/64 [poisoned by an adder]
  7761 | D:7      | Reached XP level 9. HP: 61/70 MP: 16/16
  7843 | D:7      | Noticed Dowan
  7845 | D:7      | Noticed Duvessa
  7883 | D:7      | Killed Duvessa
  7899 | D:7      | Killed Dowan
  7899 | D:7      | Reached skill level 11 in Axes
  8528 | D:7      | Found a shadowy altar of Dithmenos.
  9262 | D:8      | Found a radiant altar of Vehumet.
  9386 | D:8      | Noticed Gastronok
  9389 | D:8      | Corrupted D:8
  9389 | D:8      | Noticed a salamander
  9389 | D:8      | a shapeshifter changed into a salamander
  9389 | D:8      | Noticed a starcursed mass
  9389 | D:8      | Noticed an ice devil
  9389 | D:8      | Noticed a tentacled starspawn
  9389 | D:8      | Noticed an efreet
  9389 | D:8      | Noticed a thrashing horror
  9392 | D:8      | Noticed a hellwing
  9392 | D:8      | Reached skill level 12 in Axes
  9393 | D:8      | Noticed a white very ugly thing
  9394 | D:8      | Noticed a hell hog
  9395 | D:8      | Noticed a phantasmal warrior
  9395 | D:8      | Killed Gastronok
  9397 | D:8      | Noticed a large abomination
  9398 | D:8      | Noticed a thrashing horror
  9399 | D:8      | Noticed a thrashing horror
  9455 | D:8      | Noticed a bone dragon
  9968 | D:8      | Killed from afar by a centaur

Vault maps used:
D:1:      minmay_arrival_split_and_join, minmay_misc_feat_pillars,
          serial_bayou_lake_a
D:2:      lemuel_coloured_pillars_altar, grunt_qazlal_sundering, uniq_iyjb
D:3:      lemuel_doored_altar, gammafunk_temple_overflow_statue,
          makhleb_altar_promises_db, uniq_grinder
D:4:      first_bread, minmay_rat_hole, uniq_menkaure, uniq_natasha
D:5:      lemuel_upstairs_altar, basic_altar
D:6:      lemuel_temple_firewalk_marked, wad_floor_pattern_untrapped
D:7:      the_bakery, grunt_dithmenos_smoke_and_mirrors, uniq_duvessa
D:8:      kennysheep_housing_project, fiery_altar_vehumet, xom_butterflies,
          lair_0_dummy, minmay_orc_keep, uniq_gastronok
Temple:   circular_temple_12

Action                   |  1- 3 |  4- 6 |  7- 9 || total
-------------------------+-------+-------+-------++-------
Melee: Hand axe          |   174 |   200 |   201 ||   575
       Flail             |       |       |   418 ||   418
Invok: Banish            |       |     2 |     6 ||     8
       Corrupt           |       |       |     1 ||     1
  Use: Scroll            |     4 |     4 |     5 ||    13
       Potion            |     1 |       |     1 ||     2
  Eat: Chunk             |     3 |     8 |    17 ||    28
       Beef jerky        |       |       |     1 ||     1
       Meat ration       |       |       |     1 ||     1
